AoeStats
← 知耻而后勇喜笑颜开

Arabia

510366500Analyzed
1v1 RM · 23h ago on Sep 30, 2026· 40m 47s· 2 players
Game mode
Random Map
Map size
Tiny (2 player)
Population
200
Speed
Normal
Resources
Standard
Victory
Conquest
Starting age
Dark Age
Ending age
Imperial Age
RankedLock teamsTeams togetherTeam positionsShared explorationLock speedFull tech treeHidden civsTurbo modeCheats
Victory
Defeat
🇬🇧 Tupi · United Kingdom
1455
+15
1436
-15
知耻而后勇喜笑颜开
6:02 Loom
9:12 Feudal Age
9:45 Double-Bit Axe
9:46 Town Watch
10:36 Wheelbarrow
17:27 Castle Age
15:56 Gold Mining
16:02 Horse Collar
17:27 Scale Barding Armor
18:03 Bloodlines
19:33 Heavy Plow
20:01 Bow Saw
21:27 Gold Shaft Mining
22:41 Husbandry
22:51 Fletching
25:20 Sanctity
25:58 Fervor
25:50 Stone Mining
26:49 Bodkin Arrow
30:11 Treadmill Crane
30:47 Hand Cart
31:09 Murder Holes
33:01 Masonry
34:14 Chain Barding Armor
34:09 Corvinian Army
spudjii
9:49 Loom
11:35 Feudal Age
16:18 Castle Age
14:52 Double-Bit Axe
17:35 Horse Collar
18:44 Fletching
22:02 Bodkin Arrow
24:18 Bow Saw
24:32 Gold Mining
24:54 Padded Archer Armor
26:57 Heavy Plow
29:36 Wheelbarrow
32:48 Imperial Age
31:51 Ballistics
32:37 Leather Archer Armor
33:45 Bracer
35:13 Chemistry
37:04 Elite Blackwood Archer
38:23 Ring Archer Armor
37:58 Pikeman
38:40 Scale Mail Armor
39:18 Forging
40:27 Town Watch
Connection lost

Rejoining the realm…

Still unreachable

The connection could not be restored.

Session expired

The server has moved on; the page needs a fresh start.